AoeStats
← korpogardisto

Coastal Forest

503494035Analyzed
3v3 RM · 1mo ago on Aug 31, 2026· 34m 46s· 6 players
Game mode
Random Map
Map size
Normal (6 player)
Population
200
Speed
Normal
Resources
Standard
Victory
Conquest
Starting age
Dark Age
Ending age
Imperial Age
RankedLock teamsTeams togetherTeam positionsShared explorationLock speedFull tech treeHidden civsTurbo modeCheats
Victory
Defeat
🇺🇸 Franks · United States
1095
+13
🇳🇴 Lithuanians · Norway
1068
+14
🇶🇦 Shu · Qatar
1064
+14
🇩🇿 Maya · Algeria
1036
-14
🇫🇷 Persians · France
1032
-14
🇦🇷 Japanese · Argentina
1023
-14
korpogardisto
12:19 Feudal Age
13:06 Man-at-Arms
15:08 Double-Bit Axe
15:57 Scale Mail Armor
16:08 Forging
17:20 Loom
18:06 Horse Collar
20:24 Arson
24:01 Castle Age
23:22 Fishing Lines
25:59 Squires
26:52 Pikeman
29:02 Iron Casting
31:13 Chain Mail Armor
31:38 Wheelbarrow
30:50 Town Watch
32:46 Medium Warships
35:11 Hand Cart
34:51 Gillnets
opA_Force
0:25 Loom
12:35 Feudal Age
13:36 Horse Collar
14:40 Double-Bit Axe
21:52 Castle Age
20:47 Fletching
20:57 Padded Archer Armor
21:20 Stone Mining
21:48 Gold Mining
22:59 Thumb Ring
22:44 Crossbowman
24:22 Town Watch
29:19 Bodkin Arrow
31:25 Murder Holes
Jackou75
4:54 Loom
11:02 Feudal Age
17:28 Double-Bit Axe
21:01 Fishing Lines
23:44 Castle Age
21:26 Horse Collar
24:40 Parthian Tactics
25:20 Fletching
28:05 Pikeman
32:48 Bloodlines
33:36 Bodkin Arrow
Zaza
7:11 Loom
9:51 Feudal Age
12:42 Double-Bit Axe
19:32 Castle Age
18:34 Horse Collar
19:11 Scale Barding Armor
19:16 Forging
21:06 Husbandry
23:01 Gold Mining
25:44 Bloodlines
27:55 Wheelbarrow
28:23 Bow Saw
30:35 Hand Cart
31:25 Chain Barding Armor
34:28 Fletching
talkin
7:44 Loom
9:30 Feudal Age
11:59 Double-Bit Axe
20:17 Castle Age
18:29 Gold Mining
23:39 Scale Barding Armor
25:05 Gold Shaft Mining
32:22 Wheelbarrow
32:06 Husbandry
34:55 Bow Saw
Abughoush
10:26 Feudal Age
14:45 Loom
17:14 Castle Age
15:29 Double-Bit Axe
16:22 Fishing Lines
16:47 Gold Mining
16:50 Fletching
18:02 Bodkin Arrow
18:29 Bow Saw
18:03 Crossbowman
20:02 Gillnets
22:36 Padded Archer Armor
24:31 Wheelbarrow
24:15 Leather Archer Armor
25:14 Ballistics
28:14 Thumb Ring
30:20 Hand Cart
29:54 Town Watch
Connection lost

Rejoining the realm…

Still unreachable

The connection could not be restored.

Session expired

The server has moved on; the page needs a fresh start.